 Dungeon Crawl Stone Soup version 0.32-a0-886-g41c5271027 (console) character file.

Game seed: 15410575649126194345

8515 Kenran the Grappler (level 11, -5/89 HPs)
             Began as a Minotaur Alchemist on Apr 2, 2024.
             Was a Priest of Hepliaklqana.
             Shot with an arrow by a centaur warrior (14 damage)
             ... on level 10 of the Dungeon.
             The game lasted 00:27:16 (9509 turns).

Kenran the Grappler (Minotaur Alchemist)            Turns: 9509, Time: 00:27:17

Health: -5/89      AC: 16    Str: 17    XL:     11   Next: 10%
Magic:  13/13      EV:  7    Int: 12    God:    Hepliaklqana [***...]
Gold:   423        SH:  0    Dex: 11    Spells: 12/12 levels left

rFire   + .          .
                       - Unarmed
rCold   . . .        (no shield)
rNeg    . . .        d - +0 chain mail
rPois   .            (helmet restricted)
rElec   .            (no cloak)
rCorr   .            B - +0 pair of gloves
SInv    +            r - +2 pair of boots
Will    .....        x - amulet of regeneration Stlth
                     i - ring of see invisible
HPRegen 1.14/turn    h - ring of protection from fire
MPRegen 0.13/turn

%: no passive effects
@: about to teleport
A: reduced essence, horns 2, retaliatory headbutt
a: Renounce Religion, Recall Ancestor, Ancestor Identity, Transference


You were on level 10 of the Dungeon.
You worshipped Hepliaklqana.
Hepliaklqana was most pleased with you.
You visited 1 branch of the dungeon, and saw 10 of its levels.

You collected 549 gold pieces.
You spent 126 gold pieces at shops.

Inventory:

Hand Weapons
 a - a +4 heavy broad axe
Missiles
 m - 10 boomerangs
 u - 3 curare-tipped darts
 v - a throwing net (quivered)
Armour
 d - a +0 chain mail (worn)
 r - a +2 pair of boots (worn)
 B - a +0 pair of gloves (worn)
Jewellery
 h - a ring of protection from fire (right hand)
 i - a ring of see invisible (left hand)
 x - an amulet of regeneration (around neck)
 y - a ring of flight
 C - a ring of resist corrosion
Wands
 c - a wand of flame (20)
 l - a wand of warping (19)
 D - a wand of charming (2)
Scrolls
 g - a scroll of immolation {!r}
 j - a scroll of blinking
 o - 2 scrolls of poison {!r}
 w - a scroll of fog
Potions
 b - a potion of magic
 e - 5 potions of curing {@q1}
 k - 3 potions of haste {unknown}
 n - a potion of heal wounds {unknown}
 p - 2 potions of degeneration {unknown}
 q - 2 potions of enlightenment {unknown}
 s - 2 potions of ambrosia {unknown}
 t - a potion of resistance {unknown}
 z - 2 potions of mutation {unknown}
 A - a potion of attraction {unknown}


   Skills:
 - Level 10.0 Fighting
 - Level 10.0 Armour
 - Level 2.1 Dodging
 - Level 1.5 Stealth
 + Level 12.9 Unarmed Combat
 - Level 1.3 Spellcasting
 - Level 0.6 Conjurations
 - Level 2.1 Alchemy
 - Level 4.0 Invocations


You had 12 spell levels left.
You didn't know any spells.
Your spell library contained the following spells:

 Spells                   Type           Power      Damage    Failure   Level
 Sting                    Conj/Alch      16%        1d4       75%         1
 Mercury Vapours          Alch/Air       6%         N/A       89%         2
 Apportation              Tloc           0%         N/A       90%         1
 Cigotuvi's Dreadful Rot  Necr/Alch/Air  4%         N/A       93%         2
 Jinxbite                 Hex            0%         N/A       97%         2
 Mephitic Cloud           Conj/Alch/Air  3%         N/A       99%         3
 Dispel Undead            Necr           0%         3d6       100%        4
 Martyr's Knell           Necr/Summ      0%         N/A       100%        4
 Olgreb's Toxic Radiance  Alch           6%         N/A       100%        4
 Sticky Flame             Fire/Alch      3%         2d4       100%        4
 Alistair's Intoxication  Alch           4%         N/A       100%        5


Dungeon Overview and Level Annotations

Branches:
Dungeon (10/15)            Temple (0/1) D:6
   Lair: D:8-11         Orc: D:9-12

Altars:
Ashenzari
Dithmenos
Hepliaklqana
Okawaru
Vehumet
Wu Jian
The Shining One

Shops:
D:2 (   D:6 (

Annotations:
D:10 exclusion: obsidian statue


Innate Abilities, Weirdness & Mutations

Your life essence is reduced to manifest your ancestor. (-10% HP)
You have a pair of horns on your head.
You reflexively headbutt those who attack you in melee.


Message History

Your headbutt misses the centaur warrior.
The centaur warrior is almost dead.
The centaur warrior hits you with a +0 whip!
The centaur warrior kicks you but does no damage.
You barely miss the centaur warrior.
The centaur warrior is almost dead.
The centaur warrior hits you but does no damage.
The centaur warrior kicks you but does no damage.
The centaur warrior hits you but does no damage.
The centaur warrior kicks you but does no damage.
You completely miss the centaur warrior.
The centaur warrior is almost dead.
The soul eater draws from the surrounding life force!
The centaur warrior hits you with a +0 whip.
The centaur warrior kicks you but does no damage.
You hit the centaur warrior but do no damage.
The centaur warrior is almost dead.
The centaur warrior hits you with a +0 whip!
The centaur warrior kicks you.
The soul eater draws from the surrounding life force!
You hit the centaur warrior but do no damage.
Your headbutt misses the centaur warrior.
The centaur warrior is almost dead.
The centaur warrior hits you with a +0 whip.
* * * LOW HITPOINT WARNING * * *
The centaur warrior barely misses you.
As you read the scroll of teleportation, it crumbles to dust.
You feel strangely unstable.
The soul eater draws from the surrounding life force!
* * * LOW HITPOINT WARNING * * *
The centaur warrior hits you with a +0 whip!
* * * LOW HITPOINT WARNING * * *
The centaur warrior kicks you but does no damage.
The crimson imp blinks!
The obsidian statue's eyes glow briefly.
The centaur warrior unwields a +0 whip.
The centaur warrior wields a +0 orcbow.
The centaur warrior shoots an arrow.
The arrow barely misses you.
You feel better.
The centaur warrior shoots an arrow.
The arrow hits you!
You die...
Hepliaklqana delivers you to your ancestors.

######## #......#
#......###############
#......'..)..@........
####......########c.###..
...†......# 5....
.###.....)# ..4.3.. ##
#####'## ....... #.#
....3.. #.# ....... #.#
...?I.. ..#


You could see a soul eater (summoned), a centaur warrior, a sun demon (summoned)
and a rust devil (summoned).

Vanquished Creatures
  A two-headed ogre (D:9)
  A kobold demonologist (D:4)
  2 trolls (D:10)
  Sigmund (D:2)
  5 yaks
  A steam dragon (D:9)
  Duvessa (D:6)
  An orc warrior (D:8)
  2 sky beasts (D:8)
  2 black bears (D:6)
  3 ogres (D:5)
  4 centaurs
  A wolf (D:10)
  A kobold brigand (D:9)
  6 bullfrogs
  A scorpion (D:4)
  A gnoll sergeant (D:7)
  5 wights
  Dowan (D:6)
  3 spriggan skeletons (D:9)
  3 howler monkeys
  A troll skeleton (D:9)
  4 bombardier beetles
  2 hounds
  2 gnoll boudas
  An orc priest (D:7)
  3 sleepcaps
  Ijyb (D:2)
  Terence (D:2)
  3 iguanas
  8 orc wizards
  6 adders
  18 gnolls
  A shadow imp (D:8)
  An ufetubus (D:6)
  2 ribbon worms (D:2)
  2 dart slugs
  22 orcs
  9 ball pythons
  8 bats
  8 endoplasms
  3 giant cockroaches
  19 goblins
  10 hobgoblins
  4 jackals (D:2)
  2 quokkas
  4 frilled lizards
  15 kobolds
  9 rats
215 creatures vanquished.

Vanquished Creatures (collateral kills)
  A two-headed ogre (D:8)
  Joseph (D:7)
  Maggie (D:9)
  An unseen horror (D:9)
  Prince Ribbit (D:7)
  2 yaks (D:10)
  An acid dragon (D:8)
  A sky beast (D:6)
  An ice beast (D:8)
  An ogre (D:7)
  3 wights
  2 spriggan skeletons (D:9)
  A howler monkey (D:7)
  3 orc priests
  A bombardier beetle (D:7)
  An orc wizard (D:8)
  5 gnolls
  2 adders (D:6)
  An ufetubus (D:6)
  7 orcs
  3 kobolds (D:9)
40 creatures vanquished.

Vanquished Creatures (others)
  A jelly (D:7)
  2 battlemagi
  2 ancestors (D:5)
  An orc (D:7)
6 creatures vanquished.

Grand Total: 261 creatures vanquished

Notes
Turn   | Place    | Note
-------+----------+-------------------------------------------
     0 | D:1      | Kenran the Minotaur Alchemist began the quest for the Orb.
     0 | D:1      | Reached XP level 1. HP: 14/14 MP: 1/1
   111 | D:1      | Found a faded altar of an unknown god.
   271 | D:1      | Reached skill level 1 in Unarmed Combat
   317 | D:1      | Reached skill level 2 in Unarmed Combat
   317 | D:1      | Reached XP level 2. HP: 20/20 MP: 0/3
   679 | D:1      | Reached skill level 3 in Unarmed Combat
   836 | D:1      | Reached XP level 3. HP: 26/26 MP: 4/4
  1213 | D:2      | Noticed Terence
  1229 | D:2      | Killed Terence
  1230 | D:2      | Reached skill level 4 in Unarmed Combat
  1230 | D:2      | Reached XP level 4. HP: 29/33 MP: 3/5
  1276 | D:2      | Noticed Sigmund
  1289 | D:2      | Killed Sigmund
  1290 | D:2      | Reached skill level 6 in Unarmed Combat
  1290 | D:2      | Reached XP level 5. HP: 9/38 MP: 6/6
  1771 | D:2      | Noticed Ijyb
  1871 | D:2      | Killed Ijyb
  1872 | D:2      | Reached XP level 6. HP: 29/45 MP: 7/7
  2101 | D:2      | Found Xiloroma's Weapon Boutique.
  2607 | D:3      | Reached skill level 7 in Unarmed Combat
  2700 | D:3      | Found a glowing golden altar of the Shining One.
  2793 | D:3      | Found a faded altar of an unknown god.
  2794 | D:3      | Found a hazy altar of Hepliaklqana.
  2808 | D:3      | Became a worshipper of Hepliaklqana the Forgotten
  3685 | D:4      | Reached skill level 8 in Unarmed Combat
  3732 | D:4      | Reached XP level 7. HP: 50/50 MP: 8/8
  4497 | D:5      | Entered Level 5 of the Dungeon
  4660 | D:4      | Reached skill level 9 in Unarmed Combat
  4730 | D:5      | Reached * piety under Hepliaklqana
  4904 | D:5      | Reached skill level 10 in Unarmed Combat
  4988 | D:5      | Reached skill level 1 in Armour
  4988 | D:5      | Reached XP level 8. HP: 48/51 MP: 9/9
  5053 | D:5      | Noticed a kobold demonologist
  5054 | D:5      | Noticed an ice devil
  5105 | D:4      | Noticed a hellwing
  5107 | D:4      | Killed a kobold demonologist
  5262 | D:5      | Reached skill level 5 in Armour
  5327 | D:5      | Found a shadowy altar of Dithmenos.
  5396 | D:5      | Reached ** piety under Hepliaklqana
  5397 | D:5      | Remembered your ancestor Tiakoko as a battlemage
  5481 | D:5      | Found an iron altar of Okawaru.
  5632 | D:6      | Reached skill level 1 in Fighting
  5655 | D:6      | Found Zeita's Antique Weapon Emporium.
  5664 | D:6      | Bought a glowing broad axe for 126 gold pieces
  5843 | D:6      | Reached skill level 5 in Fighting
  5898 | D:6      | Found a staircase to the Ecumenical Temple.
  5991 | D:6      | Noticed Dowan
  5992 | D:6      | Noticed Duvessa
  6003 | D:6      | Killed Duvessa
  6004 | D:6      | Reached XP level 9. HP: 56/67 MP: 10/10
  6011 | D:6      | Killed Dowan
  6038 | D:6      | Reached skill level 1 in Invocations
  6808 | D:7      | Noticed Joseph
  6820 | D:7      | Killed Joseph
  6835 | D:7      | Noticed Prince Ribbit
  6842 | D:7      | Killed Prince Ribbit
  6843 | D:7      | Reached skill level 11 in Unarmed Combat
  7250 | D:7      | Found a radiant altar of Vehumet.
  7375 | D:7      | Reached skill level 12 in Unarmed Combat
  7381 | D:7      | Reached *** piety under Hepliaklqana
  8152 | D:8      | Noticed a two-headed ogre
  8160 | D:8      | Killed a two-headed ogre
  8161 | D:8      | Reached XP level 10. HP: 74/74 MP: 12/12
  8211 | D:8      | Found an ornate altar of the Wu Jian Council.
  8603 | D:9      | Reached skill level 10 in Armour
  8664 | D:9      | Noticed a two-headed ogre
  8719 | D:9      | Noticed Maggie
  8727 | D:9      | Killed Maggie
  9043 | D:9      | Killed a two-headed ogre
  9044 | D:9      | Reached skill level 10 in Fighting
  9255 | D:10     | Entered Level 10 of the Dungeon
  9318 | D:10     | Found the +4 robe of Folly {Brill Will-∞ Int+8}
  9401 | D:10     | Found a broken altar of Ashenzari.
  9435 | D:10     | Reached XP level 11. HP: 89/89 MP: 13/13
  9484 | D:10     | Noticed an obsidian statue
  9484 | D:10     | Noticed a centaur warrior
  9502 | D:10     | Noticed a soul eater
  9507 | D:10     | HP: 1/89 [centaur warrior/+0 whip (10)]
  9508 | D:10     | Noticed a sun demon
  9509 | D:10     | Shot with an arrow by a centaur warrior

Illustrated notes

Levels and vault maps discovered:
D:1:      enne_arrival_octagon_isle, layout_basic,
          shapermc_ecumenical_altar_totnotflames, kennysheep_decorative_pillar
D:2:      kennysheep_the_goblin_king, layout_basic, serial_shops,
          nicolae_lakefront_shop, columned_hall_lemuel, uniq_terence,
          uniq_sigmund
D:3:      kennysheep_six_static_rooms, layout_basic,
          beargit_hepliaklqana_dungeon_heroes, tso_oasis_becter
D:4:      corexii_shantytown, layout_basic
D:5:      layout_loops_cross, minitemple
D:6:      layout_basic, minmay_temple_entry_steel_oval, serial_shops,
          nicolae_shop_dealshenge, uniq_duvessa
D:7:      layout_basic, fiery_altar_vehumet, uniq_prince_ribbit1, uniq_joseph
D:8:      layout_basic, nicolae_wu_jian_immortal_techniques
D:9:      layout_loops_ring, hangedman_tell_no_tales, uniq_maggie
D:10:     layout_roguey [special_room_orc], evilmike_ruin_ashenzari,
          erik_lair_dragon, minivault_16, interstate_on_off, abandoned_shop,
          dreamdust_deal_with_the_devil, eino_house_with_fridge, uniq_erica

Skill      XL: |  1  2  3  4  5  6  7  8  9 10 |
---------------+-------------------------------+-----
Unarmed Combat | 2 3 4 6 8 10 12 | 12.9
Armour         | 1 6 8 10 | 10.0
Fighting       | 6 10 | 10.0
Invocations    | 4 |  4.0
Dodging        | |  2.1
Stealth        | |  1.5
Spellcasting   | |  1.3
Conjurations   | |  0.6
Alchemy        | |  2.1

Action                     |  1- 3 |  4- 6 |  7- 9 | 10-12 || total
---------------------------+-------+-------+-------+-------++-------
  Melee: Unarmed           |    63 |   166 |   296 |   145 ||   670
         Headbutt          |     7 |    16 |    43 |    31 ||    97
         Punch             |     1 |     5 |    13 |     7 ||    26
   Cast: Sting             |    16 |       |       |       ||    16
 Invoke: Recall Ancestor   |       |       |     1 |     1 ||     2
         Ancestor Identity |       |       |     1 |       ||     1
         Ancestor Life: Ba |       |       |     1 |       ||     1
  Evoke: Wand              |       |       |     2 |       ||     2
    Use: Potion            |     1 |     1 |       |     1 ||     3
         Scroll            |       |     2 |    12 |     4 ||    18
   Stab: Distracted        |       |       |     2 |     3 ||     5
 Armour: Leather armour    |    28 |       |       |       ||    28
         Ring mail         |    11 |       |       |       ||    11
         Chain mail        |       |   107 |   215 |   163 ||   485
  Dodge: Dodged            |    34 |    43 |    88 |    49 ||   214

Table legend: (Time is in decaauts)
 A = Elapsed time spent in this place.
 B = Non-inter-level travel time spent in this place.
 C = Inter-level travel time spent in this place.
 D = Time resting spent in this place.
 E = Time spent auto-exploring this place.
 F = Levels seen in this place.
 G = Mean time per level.
                   A        B        C        D        E       F      G
               +--------+--------+--------+--------+--------+-----+--------+
         Total |   9401 |   8624 |    777 |    786 |   5375 |  10 |  940.1 |
       Dungeon |   9401 |   8624 |    777 |    786 |   5375 |  10 |  940.1 |
               +--------+--------+--------+--------+--------+-----+--------+

Top non-repeatable levels by time:
     D:4: 1468 daAuts
     D:3: 1171 daAuts
     D:2: 1159 daAuts
     D:1: 1033 daAuts
     D:5: 988 daAuts
     D:8: 936 daAuts
     D:6: 886 daAuts
     D:7: 762 daAuts
     D:9: 751 daAuts
    D:10: 244 daAuts
